 Dungeon Crawl Stone Soup version 0.21.1-1-g345015f (webtiles) character file.

6720 Glalom the Zephyrmancer (level 10, -13/88 HPs)
             Began as a Purple Draconian Air Elementalist on July 6, 2018.
             Was a Believer of Sif Muna.
             Mangled by a guardian serpent (20 damage)
             ... on level 9 of the Dungeon.
             The game lasted 00:56:18 (13216 turns).

Glalom the Zephyrmancer (DrAE)                     Turns: 13216, Time: 00:56:19

Health: -13/88     AC:  8    Str: 10    XL:     10   Next: 74%
Magic:  4/19       EV: 16    Int: 19    God:    Sif Muna [**....]
Gold:   499        SH:  0    Dex: 12    Spells: 9/21 levels left

rFire    . . .     SeeInvis .   w - +4 Vampire's Tooth {vamp}
rCold    . . .     Gourm    .   (no shield)
rNeg     . . .     Faith    .   (armour unavailable)
rPois    +         Spirit   .   (helmet restricted)
rElec    .         Reflect  .   x - +0 cloak
rCorr    .         Harm     .   (no gloves)
MR       +....                  (no boots)
Stlth    ++........             (no amulet)
HPRegen  0.24/turn              t - ring of poison resistance
MPRegen  0.16/turn              (no ring)

@: lethally poisoned (-13 -> -21)
A: breathe power, unfitting armour, cold-blooded, AC +7
a: Breathe Dispelling Energy, Divine Energy, Renounce Religion


You were on level 9 of the Dungeon.
You worshipped Sif Muna.
Sif Muna was pleased with you.
You were not hungry.

You visited 2 branches of the dungeon, and saw 10 of its levels.

You collected 499 gold pieces.

Inventory:

Hand Weapons
 g - a +0 hunting sling
 m - a +0 dagger of venom
 q - a +0 hand axe
 w - the +4 Vampire's Tooth (weapon) {vamp}
   (You found it on level 4 of the Dungeon)

   It inflicts no extra harm, but heals its wielder when it wounds a living foe.
Armour
 x - a +0 cloak (worn)
Jewellery
 t - a ring of poison resistance (left hand)
 u - a +5 ring of strength {unknown}
 y - an uncursed ring of positive energy {unknown}
 A - a +2 ring of evasion {unknown}
 H - a +5 amulet of reflection {unknown}
Wands
 s - a wand of polymorph (19)
 v - a wand of flame (7)
 D - a wand of iceblast (6)
 F - a wand of random effects (31)
Scrolls
 c - 7 scrolls of remove curse {unknown}
 d - a scroll of amnesia {unknown}
 e - 4 scrolls of teleportation {unknown}
 h - 3 scrolls of enchant weapon {unknown}
 i - 2 scrolls of blinking {unknown}
 j - 4 scrolls of immolation {unknown}
 k - 2 scrolls of magic mapping {unknown}
 o - 9 scrolls of identify {unknown}
 B - a scroll of fog {unknown}
 G - a scroll of fear {unknown}
Potions
 f - 5 potions of heal wounds {unknown}
 l - 7 potions of curing {unknown}
 n - 3 potions of brilliance {unknown}
 p - 4 potions of lignification {unknown}
 r - 2 potions of ambrosia {unknown}
 z - a potion of haste {unknown}
 C - a potion of flight {unknown}
 E - a potion of might {unknown}
 I - a potion of berserk rage {unknown}
 J - a potion of mutation {unknown}
Books
 a - a book of Air

   Spells                             Type                      Level
   a - Shock                          Conjuration/Air              1
   b - Swiftness                      Charms/Air                   2
   c - Static Discharge               Conjuration/Air              3
   d - Airstrike                      Air                          4
   e - Lightning Bolt                 Conjuration/Air              5
Comestibles
 b - 13 rations


   Skills:
 + Level 7.8 Fighting
 + Level 7.8 Dodging
 - Level 1.7 Stealth
 - Level 6.4 Spellcasting
 - Level 8.0 Conjurations
 - Level 8.1 Air Magic
 + Level 1.1 Evocations


You had 9 spell levels left.
You knew the following spells:

 Your Spells              Type           Power        Failure   Level  Hunger
a - Shock                 Conj/Air       ####         1%          1    None
b - Swiftness             Chrm/Air       ###.....     3%          2    None
c - Airstrike             Air            #####.....   3%          4    ####...
d - Lightning Bolt        Conj/Air       #####.....   11%         5    #####..


Dungeon Overview and Level Annotations

Branches:
Dungeon (9/15)             Temple (1/1) D:4            Lair (0/6) D:9
    Orc: D:9-12

Altars:
Ashenzari
Cheibriados
Dithmenos
Elyvilon
Fedhas
Gozag
Hepliaklqana
Kikubaaqudgha
Makhleb
Nemelex Xobeh
Okawaru
Qazlal
Ru
Sif Muna
Trog
Uskayaw
Vehumet
Wu Jian
Xom
Yredelemnul
Zin
The Shining One

Annotations:
D:9 w0lly's ghost, journeyman DsBe


Innate Abilities, Weirdness & Mutations

You can breathe bolts of dispelling energy.
Your rich purple scales are hard. (AC +7)
You cannot fit into any form of body armour.
You are cold-blooded and may be slowed by cold attacks.


Message History

W0lly's ghost blinks!
Casting: Airstrike
Confirm with . or Enter, or press ? or * to list all spells.
Aiming: Shock
Press: ? - help, Shift-Dir - straight line, f/p - guardian serpent
Aim: a guardian serpent (almost dead)
The zap misses the guardian serpent.
You feel sick.
W0lly's ghost hits you but does no damage.
The guardian serpent hits you but does no damage.
Casting: Shock
Confirm with . or Enter, or press ? or * to list all spells.
Aiming: Shock
Press: ? - help, Shift-Dir - straight line, f/p - guardian serpent
Aim: a guardian serpent (almost dead)
The zap misses the guardian serpent.
You feel sick. W0lly's ghost hits you!!
* * * LOW HITPOINT WARNING * * *
You are electrocuted!
* * * LOW HITPOINT WARNING * * *
The guardian serpent hits you!!
You die...

## P## ############ PP##
###..S@......# .P.##
#......W.....#
....#######.#..........#
#####
........##..#..........#
#....
..#.....##.##..(.......###
#....
.##......................#
#....
###..[..####...........#
#.... ........#
.....>.<....# +....
#.####..# #...........#
#....


You could see a guardian serpent and w0lly's ghost.

Vanquished Creatures
  Erolcha (D:9)
  Pikel (D:9)
  The ghost of Rwicked the Cleaver, a novice MiBe of Trog (D:5)
  The ghost of dscm the Shield-Bearer, a novice OpFi of Cheibriados (D:4)
  A komodo dragon (D:9)
  2 hornets (D:8)
  2 hippogriffs
  A wraith (D:9)
  A wyvern (D:8)
  Eustachio (D:4)
  A soldier ant (D:8)
  2 orc warriors
  2 ice beasts
  3 phantoms
  A sky beast (D:6)
  A black bear (D:8)
  4 slaves (D:9)
  2 ogres
  2 centaurs (D:6)
  3 big kobolds
  Blork the orc (D:4)
  3 bullfrogs
  3 wights
  2 vampire bats (D:4)
  2 howler monkeys (D:7)
  2 bullfrog zombies
  A crimson imp (D:7)
  A quasit (D:9)
  2 jellies
  A hound (D:8)
  4 bullfrog skeletons
  6 orc priests
  A centaur skeleton (D:9)
  6 orc wizards
  3 iguanas
  Ijyb (D:4)
  Natasha (thrice) (D:3)
  7 worker ants
  2 killer bee zombies
  A hound skeleton (D:7)
  A mummy (D:5)
  2 worker ant zombies
  4 gnolls (D:5)
  16 adders
  An ooze (D:3)
  An adder zombie (D:9)
  An adder skeleton (D:4)
  3 worms
  4 dart slugs
  5 leopard geckos
  25 orcs
  2 ball pythons
  19 bats
  8 giant cockroaches
  5 goblins
  4 hobgoblins
  4 jackals
  6 quokkas
  3 frilled lizards
  A hobgoblin zombie (D:5)
  A jackal skeleton (D:7)
  22 kobolds
  A leopard gecko skeleton (D:8)
  3 orc zombies (D:5)
  6 rats
233 creatures vanquished.

Vanquished Creatures (others)
  13 plants (D:9)
13 creatures vanquished.

Grand Total: 246 creatures vanquished

Notes
Turn   | Place    | Note
-------+----------+-------------------------------------------
     0 | D:1      | Glalom the Draconian Air Elementalist began the quest for the Orb.
     0 | D:1      | Reached XP level 1. HP: 14/14 MP: 3/3
   499 | D:1      | Reached XP level 2. HP: 20/20 MP: 3/5
  1098 | D:2      | Reached XP level 3. HP: 26/26 MP: 3/6
  1103 | D:2      | Learned a level 2 spell: Swiftness
  2549 | D:2      | Reached XP level 4. HP: 33/33 MP: 1/8
  2825 | D:2      | Found a glowing silver altar of Zin.
  3350 | D:3      | Reached XP level 5. HP: 16/38 MP: 1/9
  3554 | D:3      | Noticed an ogre
  3594 | D:3      | Killed an ogre
  3897 | D:3      | Reached XP level 6. HP: 34/45 MP: 0/11
  4172 | D:3      | Found an iron altar of Okawaru.
  4185 | D:3      | Noticed Natasha
  4191 | D:3      | Killed Natasha
  4881 | D:3      | Noticed Natasha
  4895 | D:3      | Killed Natasha
  5199 | D:3      | Noticed Natasha
  5208 | D:3      | Killed Natasha
  5463 | D:3      | Reached skill level 5 in Air Magic
  5463 | D:3      | Your scales start taking on a rich purple colour.
  5463 | D:3      | Reached skill level 5 in Spellcasting
  5463 | D:3      | Reached XP level 7. HP: 15/50 MP: 0/15
  5702 | D:4      | Noticed Eustachio
  5710 | D:4      | Noticed Ijyb
  5713 | D:4      | Killed Eustachio
  5713 | D:4      | Reached skill level 1 in Fighting
  5718 | D:4      | Killed Ijyb
  6017 | D:4      | Noticed dscm's ghost (novice OpFi)
  6038 | D:4      | Killed dscm's ghost
  6038 | D:4      | Reached XP level 8. HP: 37/63 MP: 6/17
  6044 | D:4      | Learned a level 4 spell: Airstrike
  6344 | D:4      | Noticed Blork the orc
  6354 | D:4      | Killed Blork the orc
  6497 | D:4      | Found the +4 Vampire's Tooth {vamp}
  6545 | D:4      | Found a staircase to the Ecumenical Temple.
  6563 | Temple   | Entered the Ecumenical Temple
  6654 | Temple   | Became a worshipper of Sif Muna the Loreminder
  6768 | D:5      | Entered Level 5 of the Dungeon
  7176 | D:5      | Noticed Rwicked's ghost (novice MiBe)
  7356 | D:5      | Killed Rwicked's ghost
  7356 | D:5      | Reached skill level 5 in Conjurations
  7407 | D:5      | Reached * piety under Sif Muna
  7961 | D:6      | Reached skill level 5 in Fighting
  8053 | D:6      | Reached XP level 9. HP: 64/74 MP: 9/18
  9469 | D:7      | Reached ** piety under Sif Muna
  9872 | D:7      | Reached skill level 5 in Dodging
 10419 | D:8      | Learned a level 5 spell: Lightning Bolt
 10580 | D:8      | Reached XP level 10. HP: 48/81 MP: 1/19
 11962 | D:9      | Noticed a two-headed ogre
 12003 | D:9      | Noticed a guardian serpent
 12003 | D:9      | Noticed w0lly's ghost (journeyman DsBe)
 12508 | D:9      | Noticed Erolcha
 12521 | D:9      | Killed Erolcha
 12719 | D:9      | Noticed Pikel
 12790 | D:9      | Killed Pikel
 12990 | D:9      | Reached skill level 1 in Evocations
 13178 | D:9      | Found a staircase to the Lair.
 13216 | D:9      | Mangled by a guardian serpent

Skill      XL: |  1  2  3  4  5  6  7  8  9 10 |
---------------+-------------------------------+-----
Conjurations   | 2 3 4 5 7 8 |  8.0
Spellcasting   | 3 5 6 |  6.4
Air Magic      | 4 5 6 8 |  8.1
Fighting       | 3 5 7 |  7.8
Dodging        | 2 5 7 |  7.8
Evocations     | 1 |  1.1
Stealth        | |  1.7

Action                   |  1- 3 |  4- 6 |  7- 9 | 10-12 || total
-------------------------+-------+-------+-------+-------++-------
Melee: Unarmed           |     6 |       |       |       ||     6
       Dagger            |     6 |    27 |    55 |    26 ||   114
       Tailslap          |       |     4 |     6 |     4 ||    14
 Cast: Shock             |    84 |   146 |   365 |   164 ||   759
       Airstrike         |       |       |    17 |    15 ||    32
       Swiftness         |       |       |     2 |     3 ||     5
       Lightning Bolt    |       |       |       |     1 ||     1
 Abil: Breathe Dispellin |       |       |     1 |     1 ||     2
  Eat: Chunk             |     3 |     8 |    13 |     4 ||    28
       Ration            |     1 |       |     3 |     2 ||     6
Armor: Skin              |    13 |    28 |    44 |    21 ||   106
Dodge: Dodged            |    19 |    48 |   141 |    88 ||   296
